Map: Blackpink LE

Players

souL - Winner!

  • Race: Terran Terran
  • Spawn Location: 1:00

Aelith

  • Race: Zerg Zerg
  • Spawn Location: 7:00

Event: WCS Leipzig 2018

VOD

Have the link to the VOD?

Description

Time

  • Played on: Jan. 26, 2018, 6:31 a.m.
  • Length: 8:16

All games in this series

Show
View Real Time Build Order
Export as new Build Order

souL Terran - Winner!

Build Orders: Reaper Expand, Banshee Rush 

Get SALT Encoding   

  12  0:01  SCV  
  13  0:13  SCV  
  14  0:18  Supply Depot  
  14  0:25  SCV  
  15  0:39  SCV  
  15  0:41  Barracks  
  16  0:45  Refinery  
  16  0:52  SCV  
  17  1:04  SCV  
  18  1:16  SCV  
  19  1:28  Orbital Command, Reaper  
  20  1:41  Command Center  
  20  1:51  Supply Depot  
  20  1:55  SCV  
  20  2:00  Marine  
  22  2:06  Factory  
  22  2:09  SCV  
  23  2:18  Refinery  
  23  2:21  SCV  
  24  2:24  Barracks Reactor  
  24  2:33  SCV  
  25  2:45  SCV  
  26  2:53  Starport  
  26  2:54  Orbital Command  
  26  2:57  SCV  
  27  3:09  SCV  
  27  3:10  Hellion  
  27  3:11  Hellion  
  32  3:17  Barracks Tech Lab  
  32  3:21  SCV x2  
  34  3:32  Hellion x2  
  34  3:33  SCV  
  34  3:34  SCV  
  40  3:40  Supply Depot  
  40  3:41  Banshee, Cloaking Field  
  43  3:45  SCV  
  43  3:46  SCV  
  45  3:57  SCV  
  45  4:01  SCV, Marine x2  
  49  4:02  Supply Depot  
  49  4:03  Factory Tech Lab  
  48  4:12  SCV  
  48  4:16  Engineering Bay  
  49  4:18  Engineering Bay  
  49  4:19  Marine x2  
  49  4:24  Siege Tank  
  53  4:26  SCV  
  53  4:30  SCV, Banshee  
  58  4:37  Marine x2  
  54  4:43  SCV x2  
  54  4:47  Command Center  
  54  4:55  SCV, Terran Infantry Weapons Level 1  
  54  4:57  Terran Infantry Armor Level 1  
  54  4:58  SCV  
  56  5:09  Barracks  
  56  5:19  Supply Depot x2  
  52  5:22  Factory Reactor  
  52  5:25  Stimpack  
  52  5:30  Refinery  
  52  5:31  Refinery  
  52  5:33  Supply Depot  
  52  5:35  Barracks  
  52  5:39  Starport Reactor  
  52  5:40  SCV, Marine  
  52  5:41  SCV  
  55  5:45  Supply Depot  
  55  5:53  SCV x2  
  57  5:58  Marine  
  57  6:01  Orbital Command  
  58  6:05  SCV x2, Marine x2  
  62  6:14  Supply Depot, Barracks  
  62  6:16  Marine, Barracks  
  62  6:17  SCV x2  
  62  6:18  Siege Tank  
  68  6:23  Supply Depot, Marine  
  68  6:25  Orbital Command, Marine  
  71  6:29  SCV  
  71  6:30  SCV, Medivac  
  74  6:35  Medivac  
  74  6:37  Marine  
  77  6:41  SCV, Marine  
  77  6:42  Marine x2  
  77  6:43  SCV  
  77  6:44  Marine  
  83  6:53  SCV  
  84  6:55  Marine  
  84  6:59  SCV x2, Marine  
  84  7:00  Marine x2  
  87  7:01  Marine  
  87  7:02  Barracks Reactor  
  87  7:05  SCV  
  87  7:06  Armory, Barracks Reactor  
  89  7:13  SCV, Marine  
  91  7:16  Marine  
  91  7:17  Marine  
  91  7:18  Marine  
  91  7:19  SCV  
  95  7:23  SCV, Marine  
  95  7:25  Supply Depot  
  95  7:26  Supply Depot  
  94  7:31  Marine  
  94  7:34  SCV, Marine  
  94  7:35  SCV, Marine  
  94  7:36  Marine  
  100  7:40  SCV  
  100  7:41  Marine  
  100  7:43  Medivac x2, Marine  
  100  7:44  Marine  
  108  7:46  SCV  
  108  7:47  Supply Depot  
  108  7:50  SCV, Supply Depot  
  110  7:54  SCV  
  110  7:56  Marine  
  110  7:57  Marine  
  113  8:02  SCV  
Show
View Real Time Build Order
Export as new Build Order

Aelith Zerg 

Build Orders: Hatch First, Zergling Baneling 

Get SALT Encoding   

  12  0:01  Drone  
  13  0:12  Overlord  
  13  0:17  Drone  
  14  0:31  Drone x2  
  16  0:36  Drone  
  17  0:52  Hatchery  
  17  0:55  Drone  
  17  0:58  Drone  
  17  1:02  Extractor  
  17  1:14  Spawning Pool  
  17  1:18  Drone  
  17  1:21  Drone  
  18  1:29  Drone  
  19  1:40  Overlord  
  19  1:50  Drone  
  20  2:01  Queen  
  20  2:02  Metabolic Boost  
  20  2:03  Queen  
  20  2:06  Zergling x2  
  20  2:08  Zergling x2  
  26  2:11  Drone  
  27  2:15  Drone  
  27  2:22  Drone  
  29  2:26  Drone  
  30  2:33  Drone  
  30  2:39  Queen  
  31  2:44  Overlord  
  31  2:46  Drone  
  32  2:57  Drone  
  33  3:02  Drone  
  33  3:03  Baneling Nest  
  32  3:14  Zergling x2  
  32  3:16  Zergling x16  
  41  3:25  Zergling x2  
  42  3:28  Overlord  
  42  3:37  Zergling x2  
  42  3:38  Zergling x2  
  44  3:43  Hatchery  
  43  3:51  Zergling x6  
  46  4:04  Zergling x4  
  46  4:05  Zergling x8  
  41  4:43  Baneling x2  
  41  4:44  Baneling x5  
  41  4:45  Baneling x4  
  41  4:48  Drone  
  41  4:49  Drone x7  
  41  4:51  Queen  
  41  4:52  Spore Crawler  
  49  4:54  Spore Crawler  
  49  4:57  Drone x2  
  40  5:23  Evolution Chamber x2  
  40  5:26  Spore Crawler  
  37  5:28  Queen  
  37  5:32  Queen  
  41  5:35  Drone  
  41  5:36  Drone x2, Zergling x6  
  41  5:37  Zergling x4  
  41  5:39  Zergling x2  
  50  5:47  Overlord x2  
  50  5:52  Zerg Melee Weapons Level 1  
  48  6:02  Drone x4  
  50  6:06  Zerg Ground Armor Level 1  
  48  6:12  Queen  
  49  6:26  Baneling x3  
  49  6:27  Baneling  
  49  6:29  Drone x6  
  55  6:33  Drone x2  
  53  6:58  Drone  
  53  6:59  Drone x14  
  64  7:18  Lair  
  64  7:19  Drone x2  
  64  7:22  Extractor x2  
  65  7:25  Overlord x2  
  65  7:26  Extractor  
  65  7:29  Drone x3  
  66  7:33  Overlord x2  
  66  7:38  Overlord  
  66  7:39  Overlord  
  66  7:49  Overlord  
  66  7:51  Zergling x20  
  68  7:58  Extractor  
Tags
 
Add a new tag
Caveats
  • Supply blocks, unpowered buildings, or Contaminate may cause inaccurate times.
  • Supply counts are checked every 10 seconds.